 Dungeon Crawl Stone Soup version 0.18-a0-917-g8a3da5b (webtiles) character file.

101 st0uf the Ruffian (level 4, -6/44 HPs)
             Began as a Troll Monk on Dec 26, 2015.
             Killed from afar by an orc wizard (7 damage)
             ... with a magic dart
             ... on level 3 of the Dungeon.
             The game lasted 00:05:08 (1032 turns).

st0uf the Ruffian (Troll Monk)                      Turns: 1032, Time: 00:05:08

Health: -6/44      AC:  5    Str: 20    XL:     4   Next: 48%
Magic:  3/3        EV: 10    Int:  6    God:
Gold:   44         SH:  0    Dex: 12    Spells: 0 memorised, 3 levels left

rFire  . . .     SeeInvis .       - Unarmed
rCold  . . .     Gourm    +     a - +0 robe
rNeg   . . .     Faith    .     (no shield)
rPois  .         Spirit   .     (helmet restricted)
rElec  .         Dismiss  .     (no cloak)
rCorr  .         Reflect  .     (gloves unavailable)
SustAt .         Harm     .     (boots unavailable)
MR     .....                    (no amulet)
Stlth  +.........               (no ring)
                                (no ring)

@: not resistant to hostile enchantments, very unstealthy
A: unfitting armour, claws 3, fast metabolism 3, gourmand, regeneration 2,
shaggy fur 1, tough skin 2
a: no special abilities


You were on level 3 of the Dungeon.
You were completely stuffed.

You visited 1 branch of the dungeon, and saw 4 of its levels.

You collected 44 gold pieces.

Inventory:

Armour
 a - a +0 robe (worn)
 k - a +0 shield
Scrolls
 c - a scroll of remove curse {unknown}
 e - 3 scrolls of identify {unknown}
 h - a scroll of enchant armour {unknown}
 j - a scroll of fog {unknown}
 l - a scroll of amnesia {unknown}
Potions
 f - a potion of ambrosia {unknown}
 g - a potion of brilliance {unknown}
 i - a potion of might {unknown}
 m - 2 potions of curing {unknown}
 n - a potion of berserk rage {unknown}
Comestibles
 b - 4 bread rations


   Skills:
 + Level 2.8 Fighting
 + Level 3.0 Dodging
 - Level 1.1 Stealth
 + Level 5.2 Unarmed Combat


You had 3 spell levels left.
You didn't know any spells.

Dungeon Overview and Level Annotations

Branches:
Dungeon (4/15)
 Temple: D:4-7

Altars:
Kikubaaqudgha


Innate Abilities, Weirdness & Mutations

You are too large for most types of armour.
You have claws for hands.
Your metabolism is lightning-fast.
You like to eat raw meat.
You heal very quickly.
You are covered in fur (AC +1).
You have very tough skin (AC +2).


Message History

The orc wizard gestures wildly while chanting.
The orc wizard blinks!
The orc throws a stone.
The stone hits you.
* * * LOW HITPOINT WARNING * * *
The orc priest casts a cantrip, but nothing happens.
The orc barely misses you. The orc priest hits you with a flail.
* * * LOW HITPOINT WARNING * * *
Items here: ))) [ ††† You claw the orc priest!
The orc priest is heavily wounded.
The orc hits you but does no damage.
The orc wizard gestures wildly while chanting.
The orc wizard blinks!
The orc priest hits you with a flail!
* * * LOW HITPOINT WARNING * * *
You claw the orc priest!
You kill the orc priest!
Your Dodging skill increases to level 3!
The orc wizard casts a spell at you. The magic dart hits you!
You die...

.#.# ######.# ..oo ##.#
#.###### #.s.# ##.# #...(..#
#...# ...###### ######.# #...#
###.....# #.#######...#####
#.....# ####...............>
#.....# #...oo.)............
#.....# #.##)o..............
###.....# #.##@#######...####
..#####.#####.##(# #..S# #.#
#.......##.# #...# #.#
#########o.# #.S.# #.##########
#.########o..# .........†.#
#.......##...# >..#.##<##.#
#..####......#
...#.##.##.####..## #......#
...#.##............S.S......§..


You could see an orc wizard and 3 orcs.

Vanquished Creatures
  An orc priest (D:3)
  4 adders
  A worm (D:2)
  4 giant geckos
  3 orcs (D:3)
  2 giant cockroaches
  3 goblins
  A hobgoblin (D:3)
  A quokka (D:2)
  6 bats
  4 rats (D:1)
30 creatures vanquished.

Vanquished Creatures (others)
  A giant newt (D:3)
1 creature vanquished.

Grand Total: 31 creatures vanquished

Notes
Turn   | Place    | Note
--------------------------------------------------------------
     0 | D:1      | st0uf the Troll Monk began the quest for the Orb.
     0 | D:1      | Reached XP level 1. HP: 22/22 MP: 0/0
   238 | D:1      | Reached XP level 2. HP: 29/29 MP: 1/1
   371 | D:2      | Found an ancient bone altar of Kikubaaqudgha.
   384 | D:2      | Reached XP level 3. HP: 23/36 MP: 2/2
  1022 | D:3      | Reached XP level 4. HP: 44/44 MP: 3/3
  1024 | D:3      | Reached skill level 5 in Unarmed Combat
  1031 | D:3      | HP: 1/44 [orc priest/flail (10)]
  1032 | D:3      | Killed from afar by an orc wizard

Vault maps used:
D:1:      roderic_octagonal_star
D:2:      kiku_gazebo_pond_becter, first_bread, uniq_natasha
D:3:      lemuel_crystal_altar, corexii_leaking_fountain
D:4:      nicolae_ru_great_annihilating_truth, makhleb_altar_promises_db,
          kennysheep_opposing_triangles

Action                   |  1- 3 |  4- 6 || total
-------------------------+-------+-------++-------
Melee: Unarmed           |    67 |     8 ||    75
 Stab: Sleeping          |     2 |       ||     2
  Eat: Chunk             |    15 |       ||    15
